 Dungeon Crawl Stone Soup version 0.29.1-13-g9f3cf754e1 (webtiles) character file.

Game seed: 10893759658856429740

382 retardedninja the Shield-Bearer (level 6, 0/40 HPs)
             Began as a Gargoyle Fighter on Jan 26, 2023.
             Slain by Duvessa
             ... wielding a +0 short sword
              (4 damage)
             ... on level 4 of the Dungeon.
             The game lasted 00:04:05 (4060 turns).

retardedninja the Shield-Bearer (Gargoyle Fighter)  Turns: 4060, Time: 00:04:05

Health: 0/40       AC: 17    Str: 21    XL:     6   Next: 76%
Magic:  6/6        EV:  9    Int:  6    God:
Gold:   144        SH:  4    Dex:  9    Spells: 5/5 levels left

rFire   . . .      SeeInvis .   a - +1 flail
rCold   + . .      Faith    .   c - +0 buckler
rNeg    + . .      Spirit   .   b - +0 scale mail
rPois   ∞          Reflect  .   k - +3 helmet of Ashenzari {rElec rC+ rCorr Int-3}
rElec   +          Harm     .   (no cloak)
rCorr   +          Rampage  .   (no gloves)
Will    .....                   h - +0 pair of boots
Stlth   ..........              (no amulet)
HPRegen 0.13/turn               (no ring)
MPRegen 0.10/turn               (no ring)

@: no status effects
A: sickness immunity, AC +4, negative energy resistance 1, electricity
resistance, torment resistance 1, petrification resistance
a: no special abilities


You were on level 4 of the Dungeon.
You visited 1 branch of the dungeon, and saw 4 of its levels.

You collected 144 gold pieces.

Inventory:

Hand Weapons
 a - a +1 flail (weapon)
Missiles
 f - 2 throwing nets (quivered)
Armour
 b - a +0 scale mail (worn)
 c - a +0 buckler (worn)
 h - a +0 pair of boots (worn)
 k - the +3 helmet of Ashenzari (worn) {rElec rC+ rCorr Int-3}
   (You found it on level 2 of the Dungeon)

   Int:       It affects your intelligence (-3).
   rC:        It protects you from cold.
   rElec:     It insulates you from electricity.
   rCorr:     It protects you from acid and corrosion.
Wands
 m - a wand of iceblast (7)
Scrolls
 d - a scroll of magic mapping
 g - a scroll of fear {unknown}
 l - a scroll of acquirement {unknown}
Potions
 i - a potion of flight {unknown}
 j - a potion of degeneration {unknown}


   Skills:
 + Level 4.9 Fighting
 + Level 3.8 Maces & Flails
 + Level 4.9 Armour
 + Level 4.9 Shields


You had 5 spell levels left.
You didn't know any spells.
Your spell library contained the following spells:

 Spells                   Type           Power      Damage    Failure   Level
 Freeze                   Ice            0%         1d3       86%         1
 Frozen Ramparts          Ice            0%         1d1       99%         3
 Inner Flame              Hex/Fire       0%         N/A       99%         3
 Cause Fear               Hex            0%         N/A       100%        4
 Hailstorm                Conj/Ice       0%         3d3       100%        4
 Discord                  Hex            0%         N/A       100%        8


Dungeon Overview and Level Annotations

Branches:
Dungeon (4/15)
 Temple: D:4-7

Altars:
Nemelex Xobeh

Annotations:
D:4 Dowan, Duvessa


Innate Abilities, Weirdness & Mutations

You are immune to sickness and miasma.
Your stone body is resilient. (AC +4)
You are immune to poison.
You resist negative energy. (rN+)
You are resistant to electric shocks. (rElec)
You are resistant to unholy torment.
You are immune to petrification.


Message History

You barely miss Duvessa.
Duvessa is lightly wounded.
Duvessa zaps a wand.
The bolt of light hits you.
* * * LOW HITPOINT WARNING * * *
Duvessa zaps a wand.
The bolt of light hits you!
* * * LOW HITPOINT WARNING * * *
You thump Duvessa!
Duvessa is heavily wounded.
Duvessa completely misses you. Dowan gestures at you while chanting.
The puff of flame hits you but does no damage.
Duvessa closely misses you.
You closely miss Duvessa.
Duvessa is heavily wounded.
Dowan casts a spell at you. You resist with some effort.
Duvessa zaps a wand.
The bolt of light misses you.
Dowan points at you and mumbles some strange words.
You resist with some effort.
You hit Duvessa.
Duvessa is heavily wounded.
Duvessa says, "Practise, practise, practise!
One day you'll be as good as me." Duvessa barely misses you.
Duvessa zaps a wand.
The bolt of light hits you but does no damage.
You are confused.
The now-empty wand crumbles to dust.
You sock Duvessa!
Duvessa is severely wounded.
Duvessa hits you but does no damage. Duvessa hits you with a +0 short sword.
* * * LOW HITPOINT WARNING * * *
You're too confused to move!
You feel less confused. Duvessa hits you but does no damage.
Dowan barely misses you.
You closely miss Duvessa.
Duvessa is severely wounded.
Duvessa hits you but does no damage. x2; Dowan barely misses you.
You hit Duvessa.
Duvessa is almost dead.
You block Duvessa's attack. Dowan closely misses you.
Duvessa hits you with a +0 short sword.
You die...

#... #.# ....# .#
##.# ....## # .#
#.#.# . ....# .# .
#. #.# #. #. ###..#
.##.##. #K..#
..#.... #e# #...#..
#@# ##.....###e#
.....#.....###.#
#..#...###....#
#..........########
##......#### #....#
.......#.######....#
.#.#...#.....##....#
# #...#####.......#


You could see Duvessa (fast), Dowan and a kobold.

Vanquished Creatures
  A water moccasin (D:4)
  A necrophage (D:3)
  Terence (D:3)
  Robin (D:3)
  4 gnolls (D:2)
  8 adders
  3 dart slugs
  7 ball pythons
  3 bats
  6 endoplasms
  15 goblins
  5 hobgoblins
  4 jackals (D:1)
  3 quokkas
  3 frilled lizards
  4 kobolds
  3 rats
72 creatures vanquished.

Notes
Turn   | Place    | Note
-------+----------+-------------------------------------------
     0 | D:1      | retardedninja the Gargoyle Fighter began the quest for the
                  | Orb.
     0 | D:1      | Reached XP level 1. HP: 14/14 MP: 1/1
   191 | D:1      | Reached XP level 2. HP: 14/19 MP: 2/2
   674 | D:1      | Found a faded altar of an unknown god.
   896 | D:1      | Reached XP level 3. HP: 22/23 MP: 3/3
  1493 | D:2      | Reached XP level 4. HP: 29/29 MP: 4/4
  1936 | D:2      | Identified the +3 helmet of Ashenzari {rElec rC+ rCorr
                  | Int-3}
  2385 | D:2      | Reached XP level 5. HP: 33/33 MP: 5/5
  2575 | D:3      | Noticed Robin
  2596 | D:3      | Killed Robin
  3126 | D:3      | Reached XP level 6. HP: 21/39 MP: 6/6
  3392 | D:3      | Found a sparkling altar of Nemelex Xobeh.
  3510 | D:3      | Noticed Terence
  3522 | D:3      | Killed Terence
  3914 | D:4      | Noticed a water moccasin
  3924 | D:4      | Killed a water moccasin
  3943 | D:4      | Noticed Dowan
  3944 | D:4      | Noticed Duvessa
  4060 | D:4      | Slain by Duvessa

Illustrated notes

Levels and vault maps discovered:
D:1:      minmay_arrival_jagged, layout_rooms,
          ebering_ecumenical_altar_sacrificial
D:2:      layout_rooms, minmay_misc_feat_ornament
D:3:      layout_basic, nemelex_altar_shiori, chequers_serial_rivers_small_b,
          amcnicky_mini_rare_corridor_liquid, chequers_serial_rivers_large_a,
          uniq_terence, uniq_robin
D:4:      layout_rooms, xom_redecorated, lemuel_round_altar, uniq_duvessa

Skill      XL: |  1  2  3  4 |
---------------+-------------+-----
Fighting       | 4 |  4.9
Shields        | 4 |  4.9
Armour         | 4 |  4.9
Maces & Flails | 3 |  3.8

Action                   |  1- 3 |  4- 6 || total
-------------------------+-------+-------++-------
Melee: Flail             |   123 |   189 ||   312
  Use: Potion            |     1 |     4 ||     5
       Scroll            |       |     4 ||     4
Armor: Scale mail        |   102 |   209 ||   311
Dodge: Dodged            |    74 |   166 ||   240
Block: Buckler           |    30 |    63 ||    93
